 Dungeon Crawl Stone Soup version 0.21.1-1-g345015f (webtiles) character file.

154 sking99 the Sneak (level 5, -2/24 HPs)
             Began as a Spriggan Enchanter on June 21, 2018.
             Was a Follower of Uskayaw.
             Slain by a gnoll shaman
             ... wielding a cursed -1 club
              (5 damage)
             ... on level 4 of the Dungeon.
             The game lasted 00:16:09 (4119 turns).

sking99 the Sneak (Spriggan Enchanter)              Turns: 4119, Time: 00:16:11

Health: -2/24      AC:  2    Str:  4    XL:     5   Next: 13%
Magic:  0/12       EV: 20    Int: 16    God:    Uskayaw [*.....]
Gold:   128        SH:  0    Dex: 18    Spells: 6/12 levels left

rFire    . . .     SeeInvis +   a - +1 dagger
rCold    . . .     Gourm    .   (shield restricted)
rNeg     . . .     Faith    .   b - +0 robe
rPois    .         Spirit   .   (helmet restricted)
rElec    .         Reflect  .   (no cloak)
rCorr    .         Harm     .   (gloves unavailable)
MR       .....                  (boots unavailable)
Stlth    +++.......             (no amulet)
HPRegen  0.08/turn              (no ring)
MPRegen  0.13/turn              (no ring)

@: very quick
A: very small, unfitting armour, see invisible, herbivore, speed 3, slow
metabolism 2
a: Stomp, Renounce Religion


You were on level 4 of the Dungeon.
You worshipped Uskayaw.
Uskayaw was noncommittal.
You were very hungry.

You visited 1 branch of the dungeon, and saw 4 of its levels.

You collected 128 gold pieces.

Inventory:

Hand Weapons
 a - a +1 dagger (weapon)
Armour
 b - a +0 robe (worn)
Scrolls
 e - 9 scrolls of identify {unknown}
 f - 4 scrolls of enchant armour {unknown}
 h - a scroll of amnesia {unknown}
 j - a scroll of random uselessness {unknown}
 l - a scroll of remove curse {unknown}
 n - a scroll of teleportation {unknown}
 o - a scroll of magic mapping {unknown}
Potions
 g - 2 potions of mutation {unknown}
 i - 2 potions of flight {unknown}
 k - a potion of brilliance {unknown}
 m - a potion of curing {unknown}
 p - a potion of heal wounds {unknown}
Books
 c - a book of Maledictions

   Spells                             Type                      Level
   a - Corona                         Hexes                        1
   b - Ensorcelled Hibernation        Hexes/Ice                    2
   c - Confuse                        Hexes                        3
   d - Tukima's Dance                 Hexes                        3
   e - Dazzling Spray                 Conjuration/Hexes            3
Comestibles
 d - 5 rations


   Skills:
 * Level 2.8 Short Blades
 + Level 4.2 Dodging
 + Level 5.3 Stealth
 - Level 4.0 Spellcasting
 + Level 4.0 Hexes
 - Level 1.0 Ice Magic


You had 6 spell levels left.
You knew the following spells:

 Your Spells              Type           Power        Failure   Level  Hunger
a - Ensorcelled Hibernat  Hex/Ice        ##....       9%          2    ##.....
b - Corona                Hex            ###....      3%          1    None
c - Confuse               Hex            ###.....     10%         3    ###....


Dungeon Overview and Level Annotations

Branches:
Dungeon (4/15)
 Temple: D:4-7

Altars:
Ashenzari
Okawaru
Sif Muna
Uskayaw
The Shining One

Annotations:
D:4 1 runed door


Innate Abilities, Weirdness & Mutations

You are very small and have problems with some larger weapons.
You are too small for most types of armour.
You have supernaturally acute eyesight. (SInv)
You are a herbivore.
You cover ground extremely quickly.
You need consume almost no food.


Message History

You are feeling very hungry.
You hit the gnoll shaman.
The gnoll shaman is lightly wounded.
The gnoll hits you with a spear. The gnoll barely misses you.
The gnoll shaman hits the gnoll with a club!
You barely miss the gnoll shaman.
The gnoll shaman is lightly wounded.
The gnoll closely misses you. x2; The gnoll misses you.
You barely miss the gnoll shaman.
The gnoll shaman is lightly wounded.
The gnoll shaman hits the gnoll with a club!
The gnoll is killed!
The gnoll hits you with a spear.
You catch the helpless gnoll shaman completely off-guard!
You puncture the gnoll shaman!
The gnoll shaman is almost dead.
The gnoll hits you with a spear.
* * * LOW HITPOINT WARNING * * *
The gnoll shaman hits you with a club.
You die...

#[.##.# ###.###.#
#.gg...)# #+#
#.#.##### #.#
#g#....g. #.#
#g####### ##.## #.#
#######g..#####>#
#.....@g......).#
.......#####)?.#######
.##.(.. ##.## ###.#
### #. #. . #


You could see a gnoll shaman (confused) and a gnoll.

Vanquished Creatures
  2 orc wizards
  2 gnolls (D:4)
  3 adders
  2 worms (D:3)
  A dart slug (D:1)
  A leopard gecko (D:2)
  4 orcs
  6 bats
  A giant cockroach (D:3)
  6 goblins
  4 hobgoblins
  4 quokkas
  2 ball pythons
  2 frilled lizards
  A kobold (D:1)
  8 rats
49 creatures vanquished.

Notes
Turn   | Place    | Note
-------+----------+-------------------------------------------
     0 | D:1      | sking99 the Spriggan Enchanter began the quest for the Orb.
     0 | D:1      | Reached XP level 1. HP: 9/9 MP: 5/5
   127 | D:1      | Found a shattered altar of Ashenzari.
   671 | D:1      | Reached XP level 2. HP: 13/13 MP: 6/6
   680 | D:1      | Learned a level 2 spell: Ensorcelled Hibernation
  1540 | D:2      | Found an iron altar of Okawaru.
  2146 | D:2      | Reached XP level 3. HP: 16/16 MP: 0/8
  2643 | D:3      | Noticed a hand axe
  2644 | D:3      | Noticed a dagger
  2652 | D:3      | Found a hide-covered altar of Uskayaw.
  2657 | D:3      | Reached skill level 1 in Ice Magic
  2657 | D:3      | Reached XP level 4. HP: 21/21 MP: 2/10
  2672 | D:3      | Became a worshipper of Uskayaw the Reveler
  2712 | D:3      | Reached * piety under Uskayaw
  2937 | D:3      | Found a deep blue altar of Sif Muna.
  2984 | D:3      | Reached skill level 5 in Stealth
  3450 | D:3      | Found a faded altar of an unknown god.
  3764 | D:4      | Learned a level 3 spell: Confuse
  3855 | D:4      | Found a runed door.
  3855 | D:4      | Noticed an angel
  3869 | D:4      | Found a glowing golden altar of the Shining One.
  3974 | D:4      | Reached XP level 5. HP: 24/24 MP: 9/12
  4119 | D:4      | Slain by a gnoll shaman

Skill      XL: |  1  2  3  4 |
---------------+-------------+-----
Hexes          | 4 |  4.0
Spellcasting   | 3 4 |  4.0
Short Blades   | 2 |  2.8
Ice Magic      | 1 |  1.0
Stealth        | 5 |  5.3
Dodging        | 4 |  4.2

Action                   |  1- 3 |  4- 6 || total
-------------------------+-------+-------++-------
Melee: Dagger            |    98 |    44 ||   142
 Cast: Ensorcelled Hiber |    24 |    25 ||    49
       Confuse           |       |     1 ||     1
 Stab: Sleeping          |    16 |    15 ||    31
       Confused          |       |     1 ||     1
  Eat: Ration            |     1 |       ||     1
Armor: Robe              |    17 |     1 ||    18
Dodge: Dodged            |    84 |    38 ||   122
